 Dungeon Crawl Stone Soup version 0.19.0-2-gae57169 (webtiles) character file.

44756 Leibowitz the Unseen (level 14, -1/91 HPs)
             Began as a Kobold Gladiator on Nov 6, 2016.
             Was an Initiate of Gozag.
             Killed by divine providence
             ... invoked by an orc high priest
              (9 damage)
             ... while paralysed by an orc sorcerer
             ... on level 2 of the Orcish Mines on Nov 7, 2016.
             The game lasted 01:09:17 (22091 turns).

Leibowitz the Unseen (Kobold Gladiator)            Turns: 22091, Time: 01:09:18

Health: -1/91      AC:  7    Str: 12    XL:     14   Next: 67%
Magic:  0/14       EV:  3    Int:  9    God:    Gozag
Gold:   2556       SH:  0    Dex: 21    Spells: 0 memorised, 13 levels left

rFire  + . .     SeeInvis .     a - +2 short sword (venom)
rCold  . . .     Gourm    .     A - +2 robe {rF+}
rNeg   . . .     Faith    .     S - +0 buckler
rPois  +         Spirit   +     I - +1 hat {Spirit}
rElec  .         Reflect  .     K - +1 cloak
rCorr  .         Harm     .     (no gloves)
MR     +....     Rnd*Rage +     (no boots)
Stlth  ++++++....               t - amulet of rage
                                y - +3 ring of slaying
                                e - ring of poison resistance

@: paralysed, gold aura, drained
A: berserk 1, carnivore 3, low mp 1, sturdy frame 1
a: Potion Petition, Call Merchant, Bribe Branch, Renounce Religion, Evoke
Berserk Rage


You were on level 2 of the Orcish Mines.
You worshipped Gozag.
Gozag was most pleased with you.
You were full.

You visited 3 branches of the dungeon, and saw 17 of its levels.
You also visited: Ice Cave.

You collected 5993 gold pieces.
You spent 1368 gold pieces at shops.
You paid 2069 gold pieces to Gozag.

Inventory:

Hand Weapons
 a - a +2 short sword of venom (weapon)
 R - a +1 dagger of electrocution
Missiles
 d - 3 throwing nets (quivered)
Armour
 A - a +2 robe of fire resistance (worn)
 I - a +1 hat of spirit shield (worn)
 K - a +1 cloak (worn)
 N - a +2 helmet of intelligence
 S - a +0 buckler (worn)
 W - the +1 ring mail "Axetug" {rC- MP+9 Str+9 SInv}
   (You bought it in a shop on level 3 of the Lair of Beasts)

   It affects your strength (+9).
   It makes you vulnerable to cold.
   It affects your magic capacity (+9).
   It lets you see invisible.
Jewellery
 e - a ring of poison resistance (left hand)
 p - an uncursed ring of ice
 t - an amulet of rage (around neck)
 u - an uncursed ring of protection from cold
 v - an uncursed ring of resist corrosion
 y - a +3 ring of slaying (right hand)
 E - an uncursed ring of ice
 P - an uncursed ring of protection from fire
Wands
 c - a wand of lightning (8/15)
 h - a wand of lightning (8/15)
 i - a wand of iceblast (4/15)
 m - a wand of acid (8/15)
 z - a wand of enslavement (1/24)
 M - a wand of disintegration (13/24)
 O - a wand of iceblast (1/15)
 U - a wand of paralysis (12/24)
Scrolls
 b - 2 scrolls of magic mapping
 k - 2 scrolls of enchant armour
 l - 8 scrolls of identify
 o - 5 scrolls of teleportation
 r - 5 scrolls of blinking
 s - 3 scrolls of fear
 F - a scroll of remove curse
 H - 4 scrolls of enchant weapon
 J - a scroll of recharging
 V - 3 scrolls of amnesia
Potions
 g - 6 potions of curing
 j - a potion of haste
 n - 3 potions of flight
 q - 2 potions of lignification
 w - a potion of cure mutation
 x - a potion of resistance
 D - 2 potions of agility
 L - a potion of might
 X - a potion of brilliance
Books
 C - a book of Transfigurations

   Spells                             Type                      Level
   a - Irradiate                      Conjuration/Transmutation    5
   b - Statue Form                    Transmutation/Earth          6
   c - Hydra Form                     Transmutation                6
   d - Dragon Form                    Transmutation                7
 T - a book of Battle

   Spells                             Type                      Level
   a - Infusion                       Charms                       1
   b - Shroud of Golubria             Charms/Translocation         2
   c - Song of Slaying                Charms                       2
   d - Spectral Weapon                Hexes/Charms                 3
   e - Regeneration                   Charms/Necromancy            3
Comestibles
 f - 2 meat rations


   Skills:
 + Level 11.7(11.0) Fighting
 - Level 13.0(12.3) Short Blades
 + Level 2.6(2.1) Throwing
 + Level 6.1(5.5) Armour
 + Level 14.5(13.9) Dodging
 + Level 16.0(15.3) Stealth
 * Level 6.3(5.8) Shields
 + Level 2.4(1.9) Evocations


You had 13 spell levels left.
You didn't know any spells.

Dungeon Overview and Level Annotations

Branches:
Dungeon (12/15)            Temple (0/1) D:7            Lair (3/6) D:11
    Orc (2/2) D:10            Elf (0/3) Orc:2
  Swamp: Lair:2-4    Shoals: Lair:2-4     Snake: Lair:2-4    Spider: Lair:2-4

Altars:
Cheibriados
Elyvilon
Gozag
Hepliaklqana
Kikubaaqudgha
Nemelex Xobeh
Okawaru
Ru
Trog
Uskayaw
Yredelemnul
Zin

Shops:
D:6 !   Lair:3 ((*

Annotations:
D:12 Psyche


Innate Abilities, Weirdness & Mutations

You are small and have problems with some larger weapons.
You are carnivorous and can eat meat at any time.
You tend to lose your temper in combat.
Your magical capacity is low. (-10% MP)
Your movements are slightly less encumbered by armour. (ER -2)


Message History

An orc high priest comes into view. It is wielding an antimagic trident.
The orc priest hits you with an enchanted short sword.
* * * LOW HITPOINT WARNING * * *
The orc high priest calls upon Beogh to heal the orc sorcerer.
The orc sorcerer is healed somewhat.
The orc sorcerer casts a spell at you.
Helpless, you fail to dodge the bolt of fire.
You resist.
* * * LOW HITPOINT WARNING * * *
The orc hits you with a trident.
* * * LOW HITPOINT WARNING * * *
The orc knight shouts! x2; The orc high priest shouts!
The orc warrior hits you but does no damage.
The orc knight roars a battlecry!
The orc knight goes into a battle-frenzy!
The orc priest barely misses you.
The orc high priest mumbles some strange prayers to Beogh against you.
Beogh smites you!
You die...
Your body crumbles into a pile of gold.

##.....
####.................
...#.##
#..###.........###
##.#### #..#
#.........# ## #..#
#.........# #..#
#..o.o.o..# #..#
....... #..#
#oo###o.. #@oo.o.o.
#$oo..o...
#.......###
#.......## #......##
#.....## #######


You could see 3 orc knights, 2 orc high priests, an orc sorcerer, 2 orc
warriors, an orc priest and an orc.

Vanquished Creatures
  A frost giant (IceCv)
  Erolcha (D:11)
  Fannar (D:10)
  A hydra (Lair:3)
  2 death yaks (IceCv)
  An ogre mage (Orc:1)
  2 orc high priests
  An unseen horror (D:11)
  2 hill giants (D:11)
  Pikel (D:6)
  2 orc knights
  4 orc sorcerers
  A deep elf mage (Orc:2)
  A manticore (D:10)
  5 black mambas (Lair:1)
  5 spiny frogs
  An ice statue (IceCv)
  A kobold demonologist (D:11)
  4 komodo dragons
  A queen bee (D:11)
  13 polar bears (IceCv)
  A troll (Orc:2)
  A two-headed ogre (Orc:1)
  4 hippogriffs
  6 blink frogs (Lair:3)
  2 wyverns
  43 yaks
  A vampire (D:9)
  A steam dragon (D:8)
  The ghost of SaltIsReal the Poker, an amateur MfWn of Uskayaw (D:4)
  A warg (Orc:1)
  3 water moccasins
  3 porcupines
  11 ice beasts
  3 sky beasts
  39 orc warriors
  A slave (D:6)
  19 wolves (IceCv)
  A phantom (D:8)
  11 ogres
  3 centaurs
  8 crocodiles
  A big kobold (D:8)
  9 bullfrogs
  2 gnoll sergeants
  2 wyvern skeletons
  2 scorpions
  22 killer bees
  2 electric eels (D:10)
  4 howler monkeys
  2 crimson imps
  2 bullfrog zombies
  6 hounds
  A centaur zombie (D:6)
  4 jellies
  33 orc wizards
  31 orc priests
  2 bullfrog skeletons
  A centaur skeleton (D:8)
  4 iguanas
  6 worker ants
  A hound zombie (D:10)
  A hound skeleton (D:11)
  A howler monkey zombie (D:6)
  2 howler monkey skeletons
  12 gnolls
  9 adders
  2 shadow imps (D:5)
  An adder zombie (D:6)
  2 adder skeletons
  5 worms
  A dart slug (D:2)
  7 leopard geckos
  106 orcs
  7 giant cockroaches
  6 goblins
  7 hobgoblins
  13 jackals
  5 quokkas
  A ball python (D:3)
  5 bats
  4 frilled lizards
  A jackal skeleton (D:6)
  19 kobolds
  9 rats
577 creatures vanquished.

Vanquished Creatures (collateral kills)
  A yak (D:11)
1 creature vanquished.

Vanquished Creatures (others)
  An adder (D:6)
  3 orcs
4 creatures vanquished.

Grand Total: 582 creatures vanquished

Notes
Turn   | Place    | Note
-------+----------+-------------------------------------------
     0 | D:1      | Leibowitz the Kobold Gladiator began the quest for the Orb.
     0 | D:1      | Reached XP level 1. HP: 12/12 MP: 1/1
   242 | D:1      | Reached XP level 2. HP: 13/17 MP: 2/2
   929 | D:1      | Reached XP level 3. HP: 22/22 MP: 3/3
  1475 | D:2      | Found a bloodstained altar of Trog.
  1744 | D:2      | Reached skill level 5 in Short Blades
  1983 | D:2      | Reached XP level 4. HP: 27/27 MP: 4/4
  2199 | D:3      | Reached skill level 1 in Armour
  2218 | D:3      | Reached XP level 5. HP: 6/31 MP: 5/5
  2502 | D:3      | Reached skill level 1 in Stealth
  2585 | D:3      | Found a sacrificial altar of Ru.
  2672 | D:3      | Found a snail-covered altar of Cheibriados.
  2673 | D:3      | Found a bloodstained altar of Trog.
  2676 | D:3      | Found an opulent altar of Gozag.
  2677 | D:3      | Found an ancient bone altar of Kikubaaqudgha.
  2689 | D:3      | Became a worshipper of Gozag Ym Sagoz the Greedy
  3071 | D:3      | Found a white marble altar of Elyvilon.
  3265 | D:4      | Found a sacrificial altar of Ru.
  3349 | D:4      | Reached XP level 6. HP: 33/36 MP: 6/6
  3682 | D:4      | Noticed SaltIsReal's ghost (amateur MfWn)
  3696 | D:4      | Killed SaltIsReal's ghost
  3696 | D:4      | Reached skill level 1 in Evocations
  3696 | D:4      | Reached XP level 7. HP: 41/41 MP: 7/7
  4273 | D:5      | Entered Level 5 of the Dungeon
  4283 | D:5      | Reached skill level 2 in Stealth
  4290 | D:5      | Found an iron altar of Okawaru.
  4297 | D:5      | Noticed a hippogriff
  4317 | D:5      | Killed a hippogriff
  4317 | D:5      | Reached skill level 5 in Dodging
  4687 | D:5      | Reached XP level 8. HP: 8/48 MP: 8/8
  5161 | D:5      | Found a sparkling altar of Nemelex Xobeh.
  5432 | D:5      | Found a basalt altar of Yredelemnul.
  5589 | D:6      | Found Moatynydda's Distillery.
  5594 | D:6      | Bought a potion of curing for 42 gold pieces
  5594 | D:6      | Bought a potion of heal wounds for 70 gold pieces
  5594 | D:6      | Bought a potion of mutation for 35 gold pieces
  5686 | D:6      | Found an iron altar of Okawaru.
  5749 | D:6      | Reached skill level 5 in Fighting
  5749 | D:6      | Reached skill level 3 in Stealth
  5768 | D:6      | Noticed Pikel
  5797 | D:6      | Killed Pikel
  5797 | D:6      | Reached skill level 10 in Short Blades
  5797 | D:6      | Reached skill level 4 in Stealth
  5797 | D:6      | Reached XP level 9. HP: 54/54 MP: 9/9
  6012 | D:6      | Reached skill level 5 in Stealth
  6263 | D:6      | Bought a potion of experience for 700 gold pieces
  6263 | D:6      | Reached skill level 5 in Armour
  6263 | D:6      | Reached skill level 10 in Dodging
  6263 | D:6      | Reached skill level 10 in Stealth
  6263 | D:6      | Reached XP level 10. HP: 64/64 MP: 10/10
  6528 | D:7      | Found a staircase to the Ecumenical Temple.
  7313 | D:7      | Noticed an angel
  7314 | D:7      | Found a glowing silver altar of Zin.
  7379 | D:8      | Found a hide-covered altar of Uskayaw.
  7441 | D:8      | Gained mutation: Your movements are slightly less encumbered by armour. (ER -2) [potion of beneficial mutation]
  7549 | D:6      | Bought a potion of cure mutation for 350 gold pieces
  7776 | D:8      | Reached XP level 11. HP: 64/68 MP: 11/11
  8134 | D:8      | Reached skill level 11 in Stealth
  8725 | D:9      | You fall through a shaft!
  8725 | D:10     | Entered Level 10 of the Dungeon
  9309 | D:9      | Found a hazy altar of Hepliaklqana.
  9585 | D:10     | Got a colourful robe
  9598 | D:10     | Identified the +0 robe of the Fiend {SInv} (You found it on level 10 of the Dungeon)
  9624 | D:10     | Noticed a manticore
  9644 | D:10     | Killed a manticore
  9821 | D:10     | Noticed Fannar
  9828 | D:10     | Killed Fannar
 10283 | D:10     | Found a staircase to the Orcish Mines.
 10688 | D:11     | Noticed a hill giant
 10694 | D:11     | Noticed Erolcha
 10695 | D:11     | Killed a hill giant
 10698 | D:11     | Killed Erolcha
 10749 | D:11     | Reached skill level 12 in Stealth
 10921 | D:11     | Reached XP level 12. HP: 72/75 MP: 12/12
 11132 | D:11     | Found a staircase to the Lair.
 11710 | D:11     | Reached skill level 13 in Stealth
 12043 | D:11     | Killed an unseen horror
 12198 | D:12     | Noticed Psyche
 12303 | Lair:1   | Entered Level 1 of the Lair of Beasts
 12942 | Lair:1   | Reached skill level 1 in Shields
 13670 | Lair:1   | Reached skill level 10 in Fighting
 13670 | Lair:1   | Reached skill level 14 in Stealth
 13998 | Lair:2   | Reached XP level 13. HP: 82/82 MP: 14/14
 14804 | Lair:3   | Found a frozen archway.
 14841 | IceCv    | Entered an ice cave
 15139 | IceCv    | Reached skill level 15 in Stealth
 16551 | IceCv    | Noticed a frost giant
 16591 | IceCv    | Killed a frost giant
 16915 | Lair:3   | Noticed a seven-headed hydra
 16922 | Lair:3   | Killed a seven-headed hydra
 17022 | Lair:3   | Reached XP level 14. HP: 58/88 MP: 15/15
 17041 | Lair:3   | Reached skill level 5 in Shields
 17517 | Lair:3   | Identified a scroll of acquirement
 17859 | Lair:3   | Bought a scorched ring mail for 171 gold pieces
 17869 | Lair:3   | Identified the +1 ring mail "Axetug" {rC- MP+9 Str+9 SInv} (You bought it in a shop on level 3 of the Lair of Beasts)
 18290 | Orc:1    | Entered Level 1 of the Orcish Mines
 18375 | Orc:2    | Entered Level 2 of the Orcish Mines
 20729 | Orc:2    | Found a staircase to the Elven Halls.
 20973 | Orc:2    | Gained mutation: Your magical capacity is low. (-10% MP) [a neqoxec]
 20982 | Orc:2    | Gained mutation: You tend to lose your temper in combat. [a neqoxec]
 21502 | Orc:2    | Reached skill level 16 in Stealth
 21908 | Orc:2    | Noticed an orc warlord
 22087 | Orc:2    | Paralysed by an orc sorcerer for 7 turns
 22091 | Orc:2    | Killed from afar by an orc high priest

Skill      XL: |  1  2  3  4  5  6  7  8  9 10 11 12 13 14 |
---------------+-------------------------------------------+-----
Short Blades   | 5 6 7 8 10 11 12 13 | 13.0
Dodging        | 4 5 6 10 11 12 13 14 | 14.5
Armour         | 1 2 3 5 6 |  6.1
Stealth        | 1 2 4 10 12 14 15 16 | 16.0
Fighting       | 3 5 7 8 10 11 | 11.7
Evocations     | 1 2 |  2.4
Shields        | 1 4 6 |  6.3
Throwing       | |  2.6

Action                   |  1- 3 |  4- 6 |  7- 9 | 10-12 | 13-15 || total
-------------------------+-------+-------+-------+-------+-------++-------
Melee: Rapier            |   117 |    83 |       |       |       ||   200
       Short sword       |       |    60 |   230 |   882 |  1324 ||  2496
Throw: Throwing net      |       |       |       |     1 |     5 ||     6
Invok: Call Merchant     |       |       |       |       |     3 ||     3
 Abil: Evoke Berserk Rag |       |     1 |       |     1 |     5 ||     7
Evoke: Wand              |       |       |       |     3 |       ||     3
  Use: Potion            |       |       |     1 |    10 |     4 ||    15
       Scroll            |       |       |       |    16 |     3 ||    19
 Stab: Distracted        |       |     2 |     3 |    13 |    12 ||    30
       Sleeping          |       |     1 |     3 |    27 |    21 ||    52
       Paralysed         |       |       |       |     1 |       ||     1
       Held in net/web   |       |       |       |       |     2 ||     2
  Eat: Chunk             |    12 |     2 |       |       |       ||    14
       Beef jerky        |       |       |     1 |     4 |       ||     5
       Pizza             |       |       |     1 |       |       ||     1
       Meat ration       |       |       |       |     2 |     3 ||     5
       Royal jelly       |       |       |       |     2 |     8 ||    10
Armor: Leather armour    |    29 |    20 |    15 |       |       ||    64
       Ring mail         |       |       |    14 |    67 |       ||    81
       Robe              |       |       |       |    24 |    81 ||   105
Dodge: Dodged            |    71 |    80 |   118 |   476 |   777 ||  1522
Block: Buckler           |       |       |       |    10 |   315 ||   325
